cohdb
Replays
Latest Replays
All Replays
Popular Replays
Top Player Replays
Match Explorer
How It Works
Community
CoH3 Stats
Reddit
Sign in to upload your games and track your stats! →
Sign in with Steam
Match 47211545
Unlisted
Match 47211545
Overview
Messages
Build Orders
End
Construct Infanterie Kompanie
MG 42 Machine Gun Team
Selects Breakthrough Battlegroup
MG 42 Machine Gun Team
Selects Assault Grenadiers
GrW 34 Mortar Team
GrW 34 Mortar Team
Construct Luftwaffe Kompanie
Selects Rapid Production
221 Scout Car
221 Scout Car
Jäger Squad
Support Elements
Jäger Squad
Marder III M Tank Destroyer
Pioneer Squad
Pioneer Squad
Flak 30 Anti-aircraft Gun Team
Medical Bunker
Selects Smoke Bombing Run
Selects Incendiary Bombing Run
Wirbelwind Flakpanzer
Luftwaffe Officer Quarters
Incendiary Bombing Run
Selects Blitzkrieg
Construct Panzer Kompanie
Incendiary Bombing Run
Jäger Squad
AI Takeover
[DeanOfBao]hokkskyc
BOSSTTRUPPEN
Tanith's Finest
GodEr
Dream Migi
***** *******
Jork Sparra
corncobber5
0
0
Comments
sign in to comment!
No comments posted yet!